 Dungeon Crawl Stone Soup version 0.27.0-1-g7a089689b8 (webtiles) character file.

Game seed: 14688825856019072302

30 VadeAway the Conjurer (level 3, 0/24 HPs)
             Began as a Human Conjurer on Aug 2, 2021.
             Slain by a worm (7 damage)
             ... on level 2 of the Dungeon on Aug 3, 2021.
             The game lasted 00:15:55 (1500 turns).

VadeAway the Conjurer (Human Conjurer)              Turns: 1500, Time: 00:15:56

Health: 0/24       AC:  2    Str:  7    XL:     3   Next: 35%
Magic:  1/6        EV: 12    Int: 19    God:
Gold:   34         SH:  0    Dex: 11    Spells: 3/6 levels left

rFire    . . .     SeeInvis .   d - +0 dagger
rCold    . . .     Faith    .   (no shield)
rNeg     . . .     Spirit   .   a - +0 robe
rPois    .         Reflect  .   (no helmet)
rElec    .         Harm     .   (no cloak)
rCorr    .         Rampage  .   (no gloves)
Will     .....                  (no boots)
Stlth    ++........             (no amulet)
HPRegen  0.08/turn              (no ring)
MPRegen  0.10/turn              (no ring)

@: no status effects
A: no striking features
a: no special abilities


You were on level 2 of the Dungeon.
You visited 1 branch of the dungeon, and saw 2 of its levels.

You collected 34 gold pieces.

Inventory:

Hand Weapons
 d - a +0 dagger (weapon)
 h - a +2 vorpal hunting sling
Armour
 a - a +0 robe (worn)
Jewellery
 c - a ring of poison resistance
Scrolls
 b - 2 scrolls of teleportation {unknown}
 e - a scroll of identify {unknown}
 g - a scroll of enchant armour {unknown}
Potions
 f - a potion of curing {unknown}


   Skills:
 + Level 2.1 Dodging
 + Level 2.1 Stealth
 + Level 2.1 Spellcasting
 + Level 4.8 Conjurations


You had 3 spell levels left.
You knew the following spells:

 Your Spells              Type           Power      Damage    Failure   Level
a - Magic Dart            Conj           80%        1d7       2%          1
b - Searing Ray           Conj           40%        3d4       3%          2

Your spell library contained the following spells:

 Spells                   Type           Power      Damage    Failure   Level
 Dazzling Flash           Conj/Hex       22%        N/A       19%         3
 Fulminant Prism          Conj/Hex       5%         3d7       52%         4
 Iskenderun's Mystic Bla  Conj/Tloc      11%        2d4       52%         4


Dungeon Overview and Level Annotations

Branches:
Dungeon (2/15)

Altars:


Message History

Casting: Magic Dart (safe; 2% risk of failure)
Confirm with . or Enter, or press ? or * to list all spells.
Aiming: Magic Dart (safe; 2% risk of failure)
Press: ? - help, Shift-Dir - straight line, f/p - worm
Aim: a worm (severely wounded, 100% to hit)
The magic dart hits the worm.
The worm is severely wounded.
The worm barely misses you.
You hit the worm.
The worm is severely wounded.
You hit the worm but do no damage.
The worm is severely wounded.
The worm misses you.
You hit the worm but do no damage.
The worm is heavily wounded.
You hit the worm but do no damage.
The worm is heavily wounded.
The worm bites you!
You barely miss the worm.
The worm is heavily wounded.
The worm completely misses you.
You hit the worm.
The worm is heavily wounded.
You hit the worm but do no damage.
The worm is heavily wounded.
The worm misses you.
Casting: Magic Dart (safe; 2% risk of failure)
Confirm with . or Enter, or press ? or * to list all spells.
Aiming: Magic Dart (safe; 2% risk of failure)
Press: ? - help, Shift-Dir - straight line, f/p - worm
Aim: a worm (heavily wounded, 100% to hit)
The magic dart hits the worm.
The worm is severely wounded.
You hit the worm but do no damage.
The worm is severely wounded.
The worm bites you!
* * * LOW HITPOINT WARNING * * *
Unknown command.
The worm bites you!
You die...

.. ..# #. #.# #. #.# #.
#.# ####.#### #.#
#.......###########.######
#...........<.#...(.......
#.......w..##.#.##.###.###
#........@......##)##..# #
#.#...#..##.#.####.##..###
#.#####.......# #........
. .........# #####..... #
######...## #......#.#
#...# #.###..#.. ####
#...# #.###..... ... #...#
#.##......
##.####...####.##.#..#.


You could see a worm.

Vanquished Creatures
  An adder (D:2)
  2 bats
  3 endoplasms (D:1)
  4 goblins
  2 hobgoblins
  A quokka (D:2)
  3 ball pythons (D:1)
  3 frilled lizards (D:1)
  A rat (D:2)
20 creatures vanquished.

Notes
Turn   | Place    | Note
-------+----------+-------------------------------------------
     0 | D:1      | VadeAway the Human Conjurer began the quest for the Orb.
     0 | D:1      | Reached XP level 1. HP: 13/13 MP: 3/3
   425 | D:1      | Reached XP level 2. HP: 10/19 MP: 0/5
   686 | D:1      | Learned a level 2 spell: Searing Ray
  1154 | D:2      | Reached XP level 3. HP: 17/24 MP: 2/6
  1500 | D:2      | Slain by a worm

Illustrated notes

Levels and vault maps discovered:
D:1:      dpeg_arrival_lava_altar, layout_loops_ring, kennysheep_nondescript
D:2:      layout_loops_cross, basic_ecumenical_altar

Action                   || total
-------------------------++-------
Melee: Unarmed           ||     3
       Dagger            ||    13
 Cast: Magic Dart        ||    38
       Searing Ray       ||     1
Dodge: Dodged            ||    10
